 Dungeon Crawl Stone Soup version 0.27-a0-1579-g97d2440184 (webtiles) character file.

Game seed: 3738661853357789607

120977 Armakuni the Demon Slayer (level 16, -3/161 HPs)
             Began as a Troll Hedge Wizard on July 11, 2021.
             Was a High Priest of the Shining One.
             Slain by a tentacled monstrosity (11 damage)
             ... on level 2 of the Abyss on July 17, 2021.
             The game lasted 01:15:56 (24260 turns).

Armakuni the Demon Slayer (Troll Hedge Wizard)     Turns: 24260, Time: 01:15:56

Health: -3/161     AC: 10    Str: 22    XL:     16   Next: 31%
Magic:  24/24      EV: 14    Int: 15    God:    the Shining One [*****.]
Gold:   3130       SH: 16    Dex:  5    Spells: 12/25 levels left

rFire    . . .     SeeInvis +     - Unarmed
rCold    . . .     Faith    .   (no shield)
rNeg     + + .     Spirit   .   n - +2 troll leather armour
rPois    +         Reflect  +   A - +2 hat {SInv}
rElec    .         Harm     .   (no cloak)
rCorr    .         Rampage  .   (gloves unavailable)
Will     +....     Rnd*Rage +   (boots unavailable)
Stlth    +.........             H - amulet of reflection
HPRegen  2.36/turn              E - +4 ring of evasion
MPRegen  0.19/turn              P - ring of poison resistance

@: divinely shielded, on berserk cooldown, glowing
A: large, unfitting armour, claws 3, regeneration 1, shaggy fur 1, tough skin 1,
[berserk 1], [clumsy 2]
a: Renounce Religion, Divine Shield, Cleansing Flame, Summon Divine Warrior


You were on level 2 of the Abyss.
You worshipped the Shining One.
The Shining One was extremely pleased with you.
You visited 5 branches of the dungeon, and saw 25 of its levels.
You visited the Abyss 2 times.

You collected 3808 gold pieces.
You spent 678 gold pieces at shops.

Inventory:

Missiles
 i - 3 boomerangs (quivered)
 l - 15 large rocks
 y - 5 curare-tipped darts
Armour
 n - a +2 troll leather armour (worn)
 u - +0 acid dragon scales
 A - a +2 hat of see invisible (worn)
Jewellery
 E - a +4 ring of evasion (left claw)
 H - an amulet of reflection (around neck)
 I - a +6 ring of intelligence
 J - a ring of protection from cold
 P - a ring of poison resistance (right claw)
 W - a ring of willpower
Wands
 c - a wand of charming (3)
 f - a wand of flame (63)
 m - a wand of mindburst (12)
 p - a wand of polymorph (24)
 K - a wand of iceblast (4)
Scrolls
 a - a scroll of immolation
 b - a scroll of fog
 h - 3 scrolls of fear
 o - 11 scrolls of teleportation
 r - 3 scrolls of noise
 v - 2 scrolls of holy word
 x - 3 scrolls of vulnerability
 z - 3 scrolls of identify
 C - 2 scrolls of amnesia
 D - a scroll of magic mapping
 F - 2 scrolls of blinking
Potions
 d - 4 potions of flight
 e - a potion of cancellation
 g - 2 potions of attraction
 j - 6 potions of brilliance
 k - 6 potions of heal wounds
 q - 2 potions of ambrosia
 s - 8 potions of lignification
 t - 3 potions of haste
 w - 5 potions of curing
 G - a potion of resistance
Miscellaneous
 B - a tin of tremorstones (1/2)


   Skills:
 - Level 10.6 Fighting
 + Level 10.1 Throwing
 - Level 5.0 Armour
 - Level 5.0 Dodging
 - Level 1.0 Stealth
 - Level 10.9 Unarmed Combat
 - Level 5.0 Spellcasting
 - Level 5.0 Conjurations
 - Level 0.6 Summonings
 - Level 2.0 Translocations
 - Level 7.0 Transmutations
 - Level 3.0 Air Magic
 - Level 3.0 Poison Magic
 - Level 12.0 Invocations
 - Level 6.0 Evocations


You had 12 spell levels left.
You knew the following spells:

 Your Spells              Type           Power      Damage    Failure   Level
b - Blink                 Tloc           N/A        N/A       12%         2
c - Conjure Flame         Conj/Fire      11%        6-21      21%         3
h - Spider Form           Tmut/Pois      9%         N/A       7%          3
m - Mephitic Cloud        Conj/Pois/Air  14%        N/A       13%         3
w - Wereblood             Tmut           25%        N/A       1%          2

Your spell library contained the following spells:

 Spells                   Type           Power      Damage    Failure   Level
 Beastly Appendage        Tmut           50%        N/A       1%          1
 Magic Dart               Conj           72%        1d6       2%          1
 Foxfire                  Conj/Fire      44%        2x1d6     7%          1
 Call Imp                 Summ           5%         N/A       22%         2
 Slow                     Hex            3%         N/A       28%         2
 Iskenderun's Mystic Bla  Conj/Tloc      14%        2d5       41%         4
 Olgreb's Toxic Radiance  Pois           12%        N/A       47%         4
 Inner Flame              Hex/Fire       3%         N/A       50%         3
 Fulminant Prism          Conj/Hex       5%         3d7       54%         4
 Yara's Violent Unravell  Hex/Tmut       7%         3d5       77%         5
 Leda's Liquefaction      Hex/Erth       1%         N/A       88%         4
 Eringya's Noxious Bog    Tmut/Pois      9%         N/A       98%         6
 Lee's Rapid Deconstruct  Erth           1%         3d5*      99%         5
 Iron Shot                Conj/Erth      5%         9d2       100%        6
 Ozocubu's Refrigeration  Ice            1%         4d5       100%        7
 Ignition                 Fire           1%         3d3       100%        8


Dungeon Overview and Level Annotations

Branches:
Dungeon (15/15)            Temple (1/1) D:4            Lair (6/6) D:10
 Shoals (0/4) Lair:3        Snake (1/4) Lair:4        Slime (0/5) Lair:6
    Orc (2/2) D:10            Elf (0/3) Orc:2        Vaults (0/5) D:13
 Depths: D:15

Altars:
Ashenzari
Cheibriados
Dithmenos
Elyvilon
Fedhas
Gozag
Hepliaklqana
Kikubaaqudgha
Makhleb
Nemelex Xobeh
Okawaru
Qazlal
Ru
Sif Muna
Trog
Uskayaw
Vehumet
Wu Jian
Xom
Yredelemnul
Zin
The Shining One
Beogh
Jiyva

Shops:
D:1 [   Orc:2 [*?[

Annotations:
Abyss:2 1 transporter


Innate Abilities, Weirdness & Mutations

You are too large for most types of armour.
You have claws for hands.
Your natural rate of healing is unusually fast.
You are covered in fur. (AC +1)
You have tough skin. (AC +1)
[You tend to lose your temper in combat.]
[You are very clumsy. (Dex -4)]


Message History

The tentacled starspawn closely misses you.
You mangle the tentacled starspawn!!
You destroy the tentacled starspawn!
The starspawn's tentacles wither and die.
You feel yourself speed up.
You feel yourself slow down.
You feel the corruption within you wane somewhat.
You feel a little less angry.
Your Throwing skill increases to level 10!
You claw the ancient zyme!
The ancient zyme is lightly damaged.
You block the ancient zyme's attack. The ancient zyme closely misses you.
You mangle the ancient zyme!!
The ancient zyme is severely damaged.
You hear two shouts!
You block the ancient zyme's attack. The ancient zyme closely misses you.
You scratch the ancient zyme.
The ancient zyme is severely damaged.
You block the ancient zyme's attack. The ancient zyme hits you.
* * * LOW HITPOINT WARNING * * *
You mangle the ancient zyme!!
You destroy the ancient zyme!
You feel better.
You start resting.
You feel your health improve.
Okay, then.
Unknown command.
Okay, then.
Unknown command.
You claw the tentacled monstrosity!
The tentacled monstrosity is lightly wounded.
The tentacled monstrosity tentacle-slaps you!
* * * LOW HITPOINT WARNING * * *
You block the tentacled monstrosity's attack.
The tentacled monstrosity tentacle-slaps you.
* * * LOW HITPOINT WARNING * * *
The tentacled monstrosity closely misses you.
You scratch the tentacled monstrosity.
The tentacled monstrosity is lightly wounded.
The tentacled monstrosity tentacle-slaps you!
You die... ## . . w.# #..*§X# F.
Xs#

##. X
#..xX4X ..
# #yXX###
# ##© #x
#.# .
###X.# #)
# ..##@.##
#
#.....####
###..# #.
.# #


You could see a tentacled monstrosity.

Vanquished Creatures
  Saint Roka (Orc:2)
  Jorgrun (Orc:1)
  Gastronok (D:12)
  A tentacled starspawn (Abyss:2)
  A dire elephant (Lair:6)
  Snorg (Orc:1)
  An ice dragon (Lair:6)
  A rakshasa (D:14)
  12 hydras
  3 centaur warriors (D:13)
  Erica (Orc:1)
  5 catoblepae
  9 two-headed ogres
  2 dancing weapons (D:13)
  3 thrashing horrors (Abyss:2)
  3 tengu warriors (D:14)
  15 death yaks
  5 orc high priests (Orc:2)
  9 skeletal warriors
  5 deep elf pyromancers
  Pikel (D:5)
  3 lindwurms (Lair:6)
  3 wizards
  2 orc knights (Orc:2)
  6 manticores
  7 oklob plants (Lair:1)
  4 orc sorcerers
  4 cyclopes
  8 elephants
  A merfolk siren (Lair:3)
  An orange demon (Abyss:2)
  6 torpor snails (Lair:6)
  The ghost of Arzdou the Chopper, a novice HOFi (D:5)
  5 black mambas
  12 cane toads
  Psyche (D:11)
  14 komodo dragons
  Maggie (D:9)
  4 rime drakes
  A tormentor (Abyss:2)
  6 yaktaurs
  An ancient zyme (Abyss:2)
  A demonic crawler (Abyss:2)
  3 polar bears (Lair:2)
  2 tengu conjurers (D:14)
  6 trolls
  A jumping spider (shapeshifter) (D:15)
  9 hornets
  4 tyrant leeches (Lair:6)
  7 blink frogs
  Prince Ribbit (Lair:1)
  6 slime creatures
  4 raiju (Abyss:2)
  2 dream sheep (Lair:6)
  3 shadows
  Sigmund (D:2)
  4 spriggans (Lair:2)
  2 water elementals
  3 wyverns
  2 vampires (D:10)
  31 yaks
  9 basilisks
  A fire elemental (D:11)
  2 wraiths
  5 humans
  A chaos spawn (Abyss:2)
  6 vampire mosquitoes (D:10)
  A neqoxec (Abyss:2)
  2 steam dragons (D:8)
  5 wargs
  2 acid dragons
  23 water moccasins
  3 small abominations (Abyss:2)
  Duvessa (D:7)
  38 orc warriors
  2 ice beasts
  3 black bears
  A necrophage (D:4)
  7 ogres
  10 wolves
  16 centaurs
  3 lemures (D:5)
  A phantom (D:5)
  2 kobold brigands
  10 bullfrogs
  2 gnoll sergeants
  Dowan (D:7)
  5 killer bees (D:10)
  4 howler monkeys
  6 electric eels
  5 centaur zombies
  2 quasits (D:5)
  5 hounds
  An iron imp (Abyss:2)
  A jelly (D:5)
  A centaur skeleton (D:6)
  27 orc priests
  5 iguanas (Lair:3)
  23 orc wizards
  6 hell rats
  8 adders
  10 gnolls
  A white imp (D:6)
  A worm (D:3)
  79 orcs
  2 bats
  5 endoplasms
  3 giant cockroaches
  8 goblins
  8 hobgoblins
  4 jackals
  12 kobolds
  2 quokkas
  3 ball pythons
  3 frilled lizards (D:3)
  A quokka skeleton (D:4)
  6 rats
668 creatures vanquished.

Vanquished Creatures (collateral kills)
  A profane servitor (Abyss:2)
  The ghost of HoaS the Cruncher, a journeyman GrGl of Okawaru (Lair:2)
  An elephant (Lair:6)
  A black mamba (Lair:6)
  A rime drake (Lair:6)
  A hornet (Lair:2)
  A spriggan (Lair:2)
7 creatures vanquished.

Vanquished Creatures (others)
  An orc knight (Orc:2)
  A black mamba (Lair:4)
  A rime drake (Lair:6)
  2 water moccasins (Lair:4)
  A large abomination (Abyss:2)
  2 orcs (D:9)
  30 fungi
  62 plants
  6 starspawn tentacles (Abyss:2)
106 creatures vanquished.

Grand Total: 781 creatures vanquished

Notes
Turn   | Place    | Note
-------+----------+-------------------------------------------
     0 | D:1      | Armakuni the Troll Hedge Wizard began the quest for the
                  | Orb.
     0 | D:1      | Reached XP level 1. HP: 16/16 MP: 2/2
   102 | D:1      | Reached skill level 1 in Unarmed Combat
   152 | D:1      | Reached XP level 2. HP: 26/26 MP: 4/4
   274 | D:1      | Reached skill level 1 in Fighting
   450 | D:1      | Found Dadem's Armour Emporium.
   996 | D:2      | Reached XP level 3. HP: 33/33 MP: 5/5
  1264 | D:2      | Noticed Sigmund
  1282 | D:2      | Learned a level 2 spell: Blink
  1286 | D:2      | Learned a level 3 spell: Mephitic Cloud
  1490 | D:3      | Found a faded altar of an unknown god.
  1533 | D:3      | Found a blossoming altar of Fedhas.
  1535 | D:3      | Noticed a centaur
  1554 | D:3      | Killed a centaur
  1555 | D:3      | Reached XP level 4. HP: 20/44 MP: 6/6
  1555 | D:3      | Reached XP level 5. HP: 23/50 MP: 7/7
  2223 | D:4      | Noticed an ogre
  2232 | D:4      | Killed an ogre
  2233 | D:4      | Reached XP level 6. HP: 61/61 MP: 8/8
  2340 | D:4      | Found a staircase to the Ecumenical Temple.
  2349 | Temple   | Entered the Ecumenical Temple
  2564 | Temple   | Became a worshipper of the Shining One
  3339 | D:4      | Identified the +10 hand axe "Namile" {venom, rF+}
  3637 | D:5      | Entered Level 5 of the Dungeon
  3762 | D:5      | Reached skill level 5 in Unarmed Combat
  3762 | D:5      | Reached XP level 7. HP: 63/70 MP: 9/9
  3774 | D:5      | Found a transporter.
  3965 | D:5      | Found a snail-covered altar of Cheibriados.
  4151 | D:5      | Noticed Arzdou's ghost (novice HOFi)
  4185 | D:5      | Found a transporter.
  4395 | D:5      | Noticed a hornet
  4402 | D:5      | Paralysed by a hornet for 3 turns
  4425 | D:5      | Paralysed by a hornet for 1 turns
  4427 | D:5      | Killed a hornet
  4428 | D:5      | Reached skill level 5 in Fighting
  4577 | D:5      | Noticed Pikel
  4586 | D:5      | Killed Pikel
  4587 | D:5      | Reached XP level 8. HP: 61/83 MP: 10/10
  4836 | D:6      | Reached * piety under the Shining One
  4890 | D:6      | Found a glowing silver altar of Zin.
  4895 | D:6      | Found a hide-covered altar of Uskayaw.
  4896 | D:6      | Found an opulent altar of Gozag.
  4896 | D:6      | Found a basalt altar of Yredelemnul.
  5640 | D:7      | Reached XP level 9. HP: 92/92 MP: 11/11
  5693 | D:7      | Noticed Dowan
  5784 | D:7      | Noticed Duvessa
  5786 | D:7      | Killed Dowan
  5793 | D:7      | Killed Duvessa
  5881 | D:7      | Reached skill level 1 in Conjurations
  5981 | D:7      | Reached skill level 1 in Air Magic
  5981 | D:7      | Reached skill level 1 in Poison Magic
  6017 | D:7      | Found an ornate altar of the Wu Jian Council.
  6745 | D:6      | Noticed a cyclops
  6745 | D:6      | Noticed a boulder beetle
  7024 | D:2      | Killed Sigmund
  7231 | D:5      | Reached XP level 10. HP: 102/102 MP: 13/13
  7246 | D:5      | Killed Arzdou's ghost
  7254 | D:5      | Identified the ring "Vylogiu" {Str+3 Dex+6}
  7267 | D:5      | Identified a scroll of acquirement
  7267 | D:5      | Acquired 358 gold pieces
  7390 | D:9      | Noticed Maggie
  7500 | D:9      | Killed Maggie
  7501 | D:9      | Reached skill level 1 in Translocations
  7706 | D:9      | Reached ** piety under the Shining One
  7843 | D:9      | Reached skill level 1 in Invocations
  8199 | D:10     | Entered Level 10 of the Dungeon
  8233 | D:10     | Reached skill level 2 in Invocations
  8286 | D:10     | Reached skill level 1 in Evocations
  8503 | D:10     | Noticed a two-headed ogre
  8523 | D:10     | Killed a two-headed ogre
  8524 | D:10     | Reached XP level 11. HP: 54/109 MP: 6/15
  8654 | D:10     | Found a staircase to the Lair.
  8754 | D:10     | Found the +8 Vampire's Tooth {vamp}
  8782 | D:10     | Reached skill level 5 in Evocations
  8814 | D:10     | Noticed a two-headed ogre
  8814 | D:10     | Reached *** piety under the Shining One
  8817 | D:10     | Noticed a two-headed ogre
  8822 | D:10     | Killed a two-headed ogre
  8834 | D:10     | Killed a two-headed ogre
  8916 | D:10     | Found a staircase to the Orcish Mines.
  9206 | D:11     | Noticed Psyche
  9229 | D:11     | Killed Psyche
  9275 | D:11     | Noticed a two-headed ogre
  9294 | D:11     | Killed a two-headed ogre
  9534 | D:11     | Noticed a deep elf pyromancer
  9534 | D:11     | Noticed a two-headed ogre
  9550 | D:11     | Killed a two-headed ogre
  9969 | D:11     | Noticed a deep elf pyromancer
  9979 | D:11     | Killed a deep elf pyromancer
  9979 | D:11     | Killed a deep elf pyromancer
  9980 | D:11     | Reached skill level 5 in Spellcasting
  9980 | D:11     | Reached skill level 5 in Conjurations
  9980 | D:11     | Reached skill level 1 in Armour
 10015 | D:11     | Noticed a wizard
 10020 | D:11     | Noticed a wizard
 10023 | D:11     | Killed a wizard
 10033 | D:11     | Killed a wizard
 10434 | Lair:1   | Entered Level 1 of the Lair of Beasts
 10929 | Lair:1   | Noticed an eight-headed hydra
 10934 | Lair:1   | Reached XP level 12. HP: 116/119 MP: 18/18
 10934 | Lair:1   | Killed an eight-headed hydra
 10935 | Lair:1   | Noticed Prince Ribbit
 10955 | Lair:1   | Killed Prince Ribbit
 11463 | Lair:1   | Reached **** piety under the Shining One
 11803 | Lair:2   | Noticed HoaS's ghost (journeyman GrGl)
 11804 | Lair:2   | Found a runed translucent door.
 11805 | Lair:2   | Identified the +9 trident of the Middle {vorpal, Int+2}
 11914 | Lair:2   | Reached skill level 5 in Dodging
 12054 | Lair:2   | Reached skill level 5 in Armour
 12377 | Lair:2   | Reached skill level 10 in Unarmed Combat
 12638 | Lair:2   | Killed HoaS's ghost
 12720 | Lair:3   | Found a sparkling altar of Nemelex Xobeh.
 12982 | Lair:3   | Found a staircase to the Shoals.
 13251 | Lair:3   | You fall into a shaft and drop 3 floors!
 13251 | Lair:6   | Entered Level 6 of the Lair of Beasts
 13251 | Lair:6   | Found a staircase to the Slime Pits.
 13252 | Lair:6   | Found a viscous altar of Jiyva.
 13279 | Lair:6   | Reached skill level 3 in Invocations
 13283 | Lair:5   | Noticed a seven-headed hydra
 13305 | Lair:4   | Noticed Sonja
 13306 | Lair:4   | Noticed Sonja
 13306 | Lair:4   | Sonja changed into Sonja the blink frog
 13311 | Lair:4   | Killed Sonja the blink frog
 13584 | Lair:3   | Reached XP level 13. HP: 131/131 MP: 19/19
 14035 | Lair:3   | Reached skill level 4 in Invocations
 14045 | Lair:3   | Learned a level 2 spell: Wereblood
 14302 | Lair:4   | Found a staircase to the Snake Pit.
 14321 | Lair:4   | Reached skill level 10 in Fighting
 14339 | Lair:4   | Reached skill level 5 in Invocations
 14453 | Lair:4   | Reached skill level 1 in Transmutations
 15057 | Lair:4   | Reached skill level 6 in Invocations
 15149 | Lair:5   | Got Gumanoen's Incunabulum of Shifting Ignition
 15211 | Lair:5   | Learned a level 3 spell: Conjure Flame
 15216 | Lair:5   | Learned a level 3 spell: Spider Form
 15366 | Lair:5   | Reached skill level 7 in Invocations
 16216 | Lair:6   | Reached skill level 8 in Invocations
 16226 | Lair:6   | Reached skill level 5 in Transmutations
 16259 | Lair:6   | Reached XP level 14. HP: 121/143 MP: 20/20
 16485 | Lair:6   | Reached skill level 9 in Invocations
 17054 | Lair:6   | Reached skill level 10 in Invocations
 17333 | Lair:6   | Found a runed translucent door.
 17669 | Lair:6   | Got the Papyrus of the Mountains
 17985 | Lair:1   | Reached skill level 11 in Invocations
 18400 | Orc:1    | Entered Level 1 of the Orcish Mines
 18400 | Orc:1    | Noticed Jorgrun
 18421 | Orc:1    | Killed Jorgrun
 18472 | Orc:1    | Noticed Erica
 18492 | Orc:1    | Killed Erica
 18806 | Orc:2    | Entered Level 2 of the Orcish Mines
 18892 | Orc:2    | Reached XP level 15. HP: 121/149 MP: 22/22
 18922 | Orc:2    | Reached skill level 12 in Invocations
 19049 | Orc:1    | Noticed Snorg
 19060 | Orc:1    | Killed Snorg
 19432 | Orc:1    | Noticed an orc warlord
 19432 | Orc:1    | You fall into a shaft and drop 1 floor!
 19489 | Orc:2    | Noticed Saint Roka
 19736 | Orc:2    | Found Goamp's Armour Emporium.
 19807 | Orc:2    | Found Noomiff's Assorted Antiques.
 19819 | Orc:2    | Bought a potion of heal wounds for 155 gold pieces
 19819 | Orc:2    | Bought a scroll of fear for 108 gold pieces
 19819 | Orc:2    | Bought a scroll of teleportation for 93 gold pieces
 20253 | Orc:2    | Acquired 714 gold pieces
 20276 | Orc:2    | Reached ***** piety under the Shining One
 20277 | Orc:2    | Found Tibiusem's Magic Scroll Shop.
 20309 | Orc:2    | Bought a scroll of teleportation for 42 gold pieces
 20309 | Orc:2    | Bought a scroll of teleportation for 42 gold pieces
 20309 | Orc:2    | Bought a scroll of fog for 28 gold pieces
 20309 | Orc:2    | Bought a scroll of enchant armour for 105 gold pieces
 20309 | Orc:2    | Bought a scroll of blinking for 105 gold pieces
 20348 | Orc:2    | Killed Saint Roka
 20365 | Orc:2    | Found Hadusoets's Antique Armour Emporium.
 20544 | Orc:2    | Identified the +1 quarterstaff "Daiclex" {antimagic, rN+}
 20682 | Orc:2    | Found a staircase to the Elven Halls.
 21059 | Snake:1  | Entered Level 1 of the Snake Pit
 21259 | D:12     | Reached skill level 1 in Throwing
 21313 | D:12     | Identified the +8 fustibalus "Qeoczowk" {flame, rC+}
 21552 | D:12     | Noticed Gastronok
 21574 | D:12     | Killed Gastronok
 22149 | D:13     | Reached skill level 5 in Throwing
 22202 | D:13     | Found a gate to the Vaults.
 23076 | D:13     | Upgraded the game from 0.27-a0-1529-g1e82c303ef to
                  | 0.27-a0-1565-gad902ab807
 23118 | D:14     | Found a white marble altar of Elyvilon.
 23210 | D:14     | Reached XP level 16. HP: 142/161 MP: 13/24
 23774 | D:15     | Entered Level 15 of the Dungeon
 23930 | D:15     | Cast into level 2 of the Abyss (a wizard)
 23959 | Abyss:2  | Upgraded the game from 0.27-a0-1565-gad902ab807 to
                  | 0.27-a0-1579-g97d2440184
 24145 | Abyss:2  | Found a runed translucent gate.
 24149 | Abyss:2  | Found a runed translucent gate.
 24150 | Abyss:2  | Found a runed translucent gate.
 24156 | D:15     | Escaped the Abyss
 24175 | D:15     | Cast into level 2 of the Abyss (a wizard)
 24175 | Abyss:2  | Found a corrupted altar of Lugonu.
 24178 | Abyss:2  | Found a transporter.
 24178 | Abyss:2  | Found a transporter.
 24178 | Abyss:2  | Noticed a tentacled starspawn
 24179 | Abyss:2  | Found a corrupted altar of Lugonu.
 24179 | Abyss:2  | Identified the +1 helmet of Indecent Exposure {rElec SInv}
 24180 | Abyss:2  | Noticed a profane servitor
 24180 | Abyss:2  | Noticed a tentacled starspawn
 24181 | Abyss:2  | Noticed a tentacled monstrosity
 24229 | Abyss:2  | Killed a profane servitor
 24230 | Abyss:2  | Found a corrupted altar of Lugonu.
 24246 | Abyss:2  | The Shining One protects you from harm!
 24252 | Abyss:2  | Killed a tentacled starspawn
 24253 | Abyss:2  | Reached skill level 10 in Throwing
 24255 | Abyss:2  | HP: 5/161 [ancient zyme (4)]
 24260 | Abyss:2  | Slain by a tentacled monstrosity

Illustrated notes

Levels and vault maps discovered:
D:1:      moated_graveyard_arrival, layout_basic, serial_shops, shop_fountains,
          nrook_campfire
D:2:      minmay_alternating_diamond, layout_basic, uniq_sigmund
D:3:      layout_basic, fedhas_altar_1, ebering_ecumenical_altar_mist
D:4:      layout_loops_ring, minmay_temple_entry_stoned_glass,
          serial_co_window_serial, co_window_corner_a, co_window_paths_b,
          co_window_corner_a, co_window_paths_a, co_window_corner_a,
          co_window_2corner, co_window_corner_b, co_window_cross_3,
          co_window_unsneaky_path_e, co_window_corner_b, co_window_broadway_c,
          co_window_corner_cb, co_window_paths_e, glass_columns_c,
          glass_columns_c, glass_columns_b, glass_columns_a, glass_columns_a
D:5:      layout_layer_cave, mainiacjoe_overflow_catwalk,
          gammafunk_ghost_stat_death, uniq_pikel
D:6:      minmay_klotski, layout_basic, grunt_temple_overflow_open
D:7:      layout_gridville, nicolae_wu_jian_immortal_techniques,
          minmay_ruffians, uniq_duvessa
D:8:      layout_basic
D:9:      layout_small_grid, uniq_maggie
D:10:     layout_basic, david_lair_generic, minmay_orc_entry_temple_small,
          nrook_uturn, minmay_guarded_unrand_vampires_tooth
D:11:     cheibrodos_lost_city_excavation, layout_basic, uniq_psyche
D:12:     layout_loops_ring, gauntlet_entry_generic, uniq_gastronok
D:13:     layout_basic, erik_vaults_1
D:14:     layout_rooms, nicolae_elyvilon_peaceful_grove
D:15:     grunt_enter_depths_magical_seal, layout_basic, hex_intersection
Temple:   regret_index_temple_generic_petals
Lair:1:   minmay_lair_oklob_tunnel, layout_gridlike, disabler_island,
          minmay_lair_oklob_chamber, uniq_prince_ribbit2
Lair:2:   layout_big_grid, ebering_ghost_funeral_grove, forest_entry_grove,
          grunt_megastairs_5, infiniplex_staircase_pool
Lair:3:   beast_lair_carwin_large_3, layout_layer_cave,
          elwin_shoals_entry_rooms, lemuel_altar_in_water2, lemuel_fruit_fields,
          lemuel_fruit_tree, lemuel_fruit_fields
Lair:4:   layout_regular_city, minmay_snake_entry_six_corridors,
          grunt_forest_large_clearing_hut, lemuel_fruit_fields, uniq_sonja
Lair:5:   layout_loops_ring
Lair:6:   hangedman_lair_in_review, layout_small_grid, wormcave, slime_altar_1
Snake:1:  layout_layer_cave, serial_bayou_shore_a, uniq_louise
Orc:1:    layout_diamond_mine, elf_legates, uniq_jorgrun, uniq_erica, uniq_snorg
Orc:2:    pubby_orc_utopia, uniq_saint_roka
Abyss:2:  base: Gauntlet, abyss_exit_lava, hangedman_decor_points, base:
          Gauntlet, hangedman_decor_points, base: D:13,
          gammafunk_corrupted_shrine

Skill      XL: |  1  2  3  4  5  6  7  8  9 10 11 12 13 14 15 16 |
---------------+-------------------------------------------------+-----
Unarmed Combat | 1 3 4 5 7 8 9 10 | 10.9
Fighting       | 1 2 3 4 5 6 7 9 10 | 10.6
Conjurations   | 2 3 5 |  5.0
Air Magic      | 2 3 |  3.0
Poison Magic   | 2 3 |  3.0
Spellcasting   | 3 5 |  5.0
Translocations | 2 |  2.0
Invocations    | 2 3 8 11 12 | 12.0
Evocations     | 4 5 6 |  6.0
Armour         | 2 5 |  5.0
Dodging        | 2 5 |  5.0
Transmutations | 5 7 |  7.0
Throwing       | 7 10 | 10.1
Stealth        | |  1.0
Summonings     | |  0.6

Action                   |  1- 3 |  4- 6 |  7- 9 | 10-12 | 13-15 | 16-18 || total
-------------------------+-------+-------+-------+-------+-------+-------++-------
Melee: Unarmed           |   113 |    88 |   202 |   573 |  1298 |   119 ||  2393
       Punch             |       |       |     6 |    38 |    92 |     4 ||   140
Throw: Dart              |       |       |     1 |     2 |    34 |       ||    37
       Throwing net      |       |       |       |     1 |       |       ||     1
       Large rock        |       |       |       |       |     4 |     5 ||     9
       Boomerang         |       |       |       |       |     4 |     3 ||     7
 Cast: Mephitic Cloud    |       |       |     4 |    32 |     1 |       ||    37
       Blink             |       |       |       |     1 |    14 |     5 ||    20
       Wereblood         |       |       |       |       |     5 |       ||     5
       Spider Form       |       |       |       |       |       |     1 ||     1
Invok: Divine Shield     |       |       |       |     4 |    25 |     1 ||    30
       Cleansing Flame   |       |       |       |       |    13 |     5 ||    18
       Summon Divine War |       |       |       |       |       |     1 ||     1
Evoke: Wand              |       |       |       |    23 |    73 |     1 ||    97
       Tin of tremorston |       |       |       |       |       |     1 ||     1
  Use: Scroll            |       |     7 |    12 |     9 |     9 |     1 ||    38
       Potion            |       |     1 |     3 |     2 |     3 |     4 ||    13
 Stab: Sleeping          |     2 |     1 |       |       |       |       ||     3
Armor: Robe              |    50 |    12 |    74 |     4 |       |       ||   140
       Acid dragon scale |       |       |       |   185 |   255 |       ||   440
       Steam dragon scal |       |       |       |    24 |       |       ||    24
       Troll leather arm |       |       |       |       |   113 |    36 ||   149
       Skin              |       |       |       |       |       |     1 ||     1
Dodge: Dodged            |    64 |    38 |    92 |   384 |   767 |    54 ||  1399
Block: Other             |       |       |       |    26 |   292 |    46 ||   364
       Reflection        |       |       |       |       |    22 |     3 ||    25

Table legend: (Time is in decaauts)
 A = Elapsed time spent in this place.
 B = Non-inter-level travel time spent in this place.
 C = Inter-level travel time spent in this place.
 D = Time resting spent in this place.
 E = Time spent auto-exploring this place.
 F = Levels seen in this place.
 G = Mean time per level.
                   A        B        C        D        E       F      G
               +--------+--------+--------+--------+--------+-----+--------+
         Total |  23983 |  22064 |   1919 |   1609 |  14460 |  27 |  888.3 |
       Dungeon |  13481 |  12313 |   1168 |    826 |   8722 |  15 |  898.7 |
        Temple |    233 |    190 |     43 |      0 |    186 |   1 |  233.0 |
          Lair |   7546 |   6982 |    564 |    534 |   4254 |   6 | 1257.7 |
     Snake Pit |      1 |      1 |      0 |      0 |      0 |   1 |    1.0 |
  Orcish Mines |   2433 |   2290 |    143 |    230 |   1270 |   2 | 1216.5 |
         Abyss |    286 |    286 |      0 |     19 |     27 |   2 |  143.0 |
               +--------+--------+--------+--------+--------+-----+--------+

Top non-repeatable levels by time:
   Orc:2: 1811 daAuts
  Lair:6: 1714 daAuts
  Lair:3: 1376 daAuts
     D:5: 1344 daAuts
    D:11: 1240 daAuts
  Lair:1: 1227 daAuts
     D:4: 1226 daAuts
    D:10: 1210 daAuts
  Lair:4: 1112 daAuts
    D:13: 1101 daAuts
  Lair:2: 1085 daAuts
  Lair:5: 1029 daAuts
     D:8: 1000 daAuts
     D:3: 903 daAuts
     D:6: 900 daAuts
